 Dungeon Crawl Stone Soup version 0.23-a0-417-gf02c810438 (webtiles) character file.

13752 Napalmbreeze the Cleaver (level 11, -7/101 HPs)
             Began as a Minotaur Fighter on Nov 11, 2018.
             Was a High Priest of Okawaru.
             Mangled by a spatial maelstrom (15 damage)
             ... on level 1 of the Abyss.
             The game lasted 00:22:04 (10644 turns).

Napalmbreeze the Cleaver (Minotaur Fighter)        Turns: 10644, Time: 00:22:04

Health: -7/101     AC: 19    Str: 24    XL:     11   Next: 79%
Magic:  12/12      EV:  9    Int:  5    God:    Okawaru [*****.]
Gold:   607        SH: 12    Dex: 12    Spells: 10/10 levels left

rFire    . . .     SeeInvis .   i - +2 war axe (drain)
rCold    . . .     Gourm    .   c - +0 shield
rNeg     . . .     Faith    .   F - +0 plate armour
rPois    .         Spirit   .   (helmet restricted)
rElec    .         Reflect  .   C - +2 cloak
rCorr    .         Harm     .   (no gloves)
MR       .....                  J - +0 pair of boots
Stlth    ..........             (no amulet)
HPRegen  0.26/turn              q - ring of wizardry
MPRegen  0.13/turn              M - +2 ring of dexterity

@: no status effects
A: retaliatory headbutt, horns 2
a: Heroism, Finesse, Renounce Religion


You were on level 1 of the Abyss.
You worshipped Okawaru.
Okawaru was extremely pleased with you.
You were not hungry.

You visited 2 branches of the dungeon, and saw 12 of its levels.
You visited the Abyss 1 time.

You collected 607 gold pieces.

Inventory:

Hand Weapons
 d - a +1 battleaxe of freezing
 i - a +2 war axe of draining (weapon)
Armour
 c - a +0 shield (worn)
 x - a +0 large shield
 C - a +2 cloak (worn)
 F - a +0 plate armour (worn)
 J - a +0 pair of boots (worn)
 K - a scarf of repulsion
Jewellery
 q - a ring of wizardry (left hand)
 E - an uncursed ring of stealth
 M - a +2 ring of dexterity (right hand)
Wands
 v - a wand of random effects (41)
 w - a wand of disintegration (12)
 y - a wand of iceblast (9)
 z - a wand of acid (10)
 A - a wand of digging (9)
Scrolls
 a - a scroll of noise {unknown}
 e - 3 scrolls of remove curse
 g - 2 scrolls of fog
 h - 5 scrolls of teleportation
 k - a scroll of fear
 m - a scroll of magic mapping
 r - 5 scrolls of enchant armour
 B - 3 scrolls of amnesia
 H - 3 scrolls of identify
 I - a scroll of summoning {unknown}
Potions
 b - a potion of flight {unknown}
 j - 3 potions of brilliance
 l - a potion of mutation {unknown}
 n - 3 potions of resistance {unknown}
 o - 3 potions of curing
 p - a potion of heal wounds {unknown}
 s - 2 potions of lignification {unknown}
 t - a potion of berserk rage
 u - 2 potions of magic {unknown}
 D - 3 potions of ambrosia {unknown}
 G - a potion of cancellation {unknown}
 L - a potion of might
Comestibles
 f - 22 rations


   Skills:
 + Level 10.4 Fighting
 * Level 13.4 Axes
 + Level 10.3 Armour
 + Level 6.2 Dodging
 - Level 10.0 Shields
 + Level 3.2 Invocations


You had 10 spell levels left.
You didn't know any spells.
Your spell library contained the following spells:

 Spells                   Type           Power        Failure   Level  Hunger
 Apportation              Tloc           #.....       98%         1    ##.....
 Freeze                   Ice            #...         98%         1    ##.....
 Summon Butterflies       Summ           #.......     98%         1    ##.....
 Throw Frost              Conj/Ice       #.....       99%         2    ###....
 Lesser Beckoning         Tloc           #.........   100%        3    ####...
 Ozocubu's Armour         Chrm/Ice       #.......     100%        3    ####...
 Tukima's Dance           Hex            #.......     100%        3    ####...
 Summon Ice Beast         Ice/Summ       #.......     100%        4    #####..
 Throw Icicle             Conj/Ice       #.......     100%        4    #####..
 Alistair's Intoxication  Tmut/Pois      #.......     100%        5    ######.
 Invisibility             Hex            #.......     100%        6    #######


Dungeon Overview and Level Annotations

Branches:
Dungeon (11/15)            Temple (1/1) D:7            Lair (0/6) D:10
    Orc (0/2) D:10

Altars:
Ashenzari
Cheibriados
Dithmenos
Elyvilon
Fedhas
Gozag
Hepliaklqana
Kikubaaqudgha
Makhleb
Nemelex Xobeh
Okawaru
Qazlal
Ru
Sif Muna
Trog
Uskayaw
Vehumet
Wu Jian
Xom
Yredelemnul
Zin
The Shining One

Annotations:
D:11 Psyche


Innate Abilities, Weirdness & Mutations

You reflexively headbutt those who attack you in melee.
You have a pair of horns on your head.


Message History

As you read the scroll of fear, it crumbles to dust.
You assume a fearsome visage.
The spatial vortex is unaffected.
The spatial maelstrom is unaffected.
The tormentor is unaffected.
The spatial vortex is unaffected.
The spatial maelstrom hits you but does no damage.
You block the spatial maelstrom's attack.
The tormentor calls on the powers of darkness!
Your body is wracked with pain!
* * * LOW HITPOINT WARNING * * *
Unknown command.
You feel better.
The spatial maelstrom barely misses you.
The spatial maelstrom hits you but does no damage.
The tormentor shouts, "I'll tear you apart!"
A spatial vortex comes into view.
You block the spatial maelstrom's attack.
The spatial maelstrom hits you.
* * * LOW HITPOINT WARNING * * *
Space warps horribly around you!
You die...

, §### ####..##
#.§#.#### .
v#.#...## .
###..#... #
.#@v.v###.v#
##.#2...##. #
#....#.#...# #. #
...####...#.#....#
.........##....# #
###..#..##...# ..#
#....##...#..#..
#.####. .#. # #.#
# .# # .####


You could see a spatial maelstrom, a spatial vortex and a tormentor.

Vanquished Creatures
  Harold (D:7)
  2 two-headed ogres
  Erica (D:8)
  A thrashing horror (Abyss:1)
  Nergalle (D:10)
  3 unseen horrors (D:10)
  Pikel (D:6)
  A smoke demon (Abyss:1)
  Joseph (D:8)
  The ghost of Xesh the Covert, a novice SpEn of Dithmenos (D:6)
  2 trolls (D:10)
  A hornet (D:10)
  4 hippogriffs
  A yak (D:10)
  A human (D:10)
  3 hogs (D:10)
  Edmund (D:5)
  Menkaure (D:7)
  Duvessa (D:4)
  A water moccasin (D:6)
  3 sky beasts
  5 orc warriors
  An ice beast (D:8)
  A necrophage (D:7)
  A phantom (D:4)
  6 ogres
  6 centaurs
  2 big kobolds
  Blork the orc (D:6)
  4 bullfrogs
  Dowan (D:4)
  5 scorpions
  6 howler monkeys
  A centaur zombie (D:8)
  A quasit (D:10)
  4 bullfrog skeletons
  7 crimson imps
  4 jellies
  Crazy Yiuf (D:5)
  5 hounds
  7 orc wizards
  4 orc priests (D:9)
  A centaur skeleton (D:9)
  2 iguanas (D:8)
  13 worker ants
  A hound skeleton (D:7)
  A worker ant zombie (D:5)
  A howler monkey zombie (D:5)
  4 gnolls (D:4)
  15 adders
  2 shadow imps
  A white imp (D:6)
  An adder skeleton (D:5)
  5 worms
  A dart slug (D:1)
  7 leopard geckos
  20 orcs
  10 giant cockroaches
  7 hobgoblins
  10 jackals
  19 kobolds
  4 quokkas
  A ball python (D:1)
  10 bats
  3 frilled lizards
  6 goblins
  A jackal skeleton (D:6)
  A leopard gecko skeleton (D:8)
  A leopard gecko zombie (D:6)
  12 rats
265 creatures vanquished.

Vanquished Creatures (others)
  An orc wizard (D:6)
  An iguana (D:6)
  2 orcs (D:6)
4 creatures vanquished.

Grand Total: 269 creatures vanquished

Notes
Turn   | Place    | Note
-------+----------+-------------------------------------------
     0 | D:1      | Napalmbreeze the Minotaur Fighter began the quest for the
                  | Orb.
     0 | D:1      | Reached XP level 1. HP: 19/19 MP: 0/0
   265 | D:1      | Reached XP level 2. HP: 27/27 MP: 1/1
   997 | D:2      | Found a faded altar of an unknown god.
  1046 | D:2      | Reached skill level 3 in Axes
  1050 | D:2      | Reached XP level 3. HP: 19/33 MP: 2/2
  1729 | D:2      | Reached XP level 4. HP: 37/40 MP: 3/3
  2249 | D:3      | Reached skill level 4 in Axes
  2726 | D:4      | Reached XP level 5. HP: 27/47 MP: 4/4
  2982 | D:4      | Noticed Duvessa
  3017 | D:4      | Killed Duvessa
  3017 | D:4      | Reached skill level 5 in Fighting
  3017 | D:4      | Reached skill level 5 in Axes
  3017 | D:4      | Reached skill level 5 in Armour
  3017 | D:4      | Reached skill level 5 in Shields
  3017 | D:4      | Reached XP level 6. HP: 19/56 MP: 5/5
  3148 | D:4      | Noticed Dowan
  3172 | D:4      | Killed Dowan
  3401 | D:4      | Reached skill level 6 in Axes
  3401 | D:4      | Reached XP level 7. HP: 61/61 MP: 6/6
  4011 | D:4      | Found a hazy altar of Hepliaklqana.
  4083 | D:5      | Entered Level 5 of the Dungeon
  4095 | D:4      | Reached skill level 7 in Axes
  4116 | D:5      | Reached XP level 8. HP: 39/70 MP: 7/7
  4430 | D:5      | Noticed Edmund
  4447 | D:5      | Killed Edmund
  4569 | D:5      | Reached skill level 8 in Axes
  5003 | D:5      | Found a runed door.
  5007 | D:5      | Noticed Crazy Yiuf
  5239 | D:5      | Killed Crazy Yiuf
  5511 | D:6      | Noticed a hippogriff
  5525 | D:6      | Killed a hippogriff
  5680 | D:6      | Reached skill level 9 in Axes
  5848 | D:6      | Found a runed gate.
  5848 | D:6      | Found a runed gate.
  5848 | D:6      | Found a runed gate.
  5850 | D:6      | Noticed Xesh's ghost (novice SpEn)
  5956 | D:6      | Killed Xesh's ghost
  5956 | D:6      | Reached XP level 9. HP: 68/79 MP: 8/8
  6069 | D:6      | Noticed Pikel
  6102 | D:6      | Killed Pikel
  6138 | D:6      | Reached skill level 10 in Axes
  6449 | D:6      | Noticed Blork the orc
  6460 | D:6      | Killed Blork the orc
  6592 | D:6      | Reached skill level 1 in Dodging
  7084 | D:7      | Found a burning altar of Makhleb.
  7158 | D:7      | Found a shadowy altar of Dithmenos.
  7161 | D:7      | Found a hide-covered altar of Uskayaw.
  7162 | D:7      | Found a stormy altar of Qazlal.
  7162 | D:7      | Found a shimmering altar of Xom.
  7203 | D:7      | Found a sparkling altar of Nemelex Xobeh.
  7204 | D:7      | Found an ancient bone altar of Kikubaaqudgha.
  7242 | D:7      | Found a white marble altar of Elyvilon.
  7246 | D:7      | Found a shattered altar of Ashenzari.
  7280 | D:7      | Found a staircase to the Ecumenical Temple.
  7280 | D:7      | Noticed Harold
  7288 | D:7      | Killed Harold
  7288 | D:7      | Reached XP level 10. HP: 67/90 MP: 9/9
  7306 | Temple   | Entered the Ecumenical Temple
  7362 | Temple   | Became a worshipper of Warmaster Okawaru
  7582 | D:7      | Reached skill level 11 in Axes
  7596 | D:7      | Noticed Menkaure
  7599 | D:7      | Killed Menkaure
  7796 | D:8      | Noticed Psyche
  8147 | D:8      | Noticed Joseph
  8166 | D:8      | Killed Joseph
  8179 | D:8      | Noticed Erica
  8189 | D:8      | Killed Erica
  8189 | D:8      | Reached * piety under Okawaru
  8608 | D:9      | Noticed a two-headed ogre
  8619 | D:9      | Killed a two-headed ogre
  8619 | D:9      | Reached ** piety under Okawaru
  8619 | D:9      | Reached skill level 12 in Axes
  8850 | D:9      | Reached XP level 11. HP: 93/97 MP: 10/10
  9289 | D:10     | Entered Level 10 of the Dungeon
  9414 | D:10     | Reached *** piety under Okawaru
  9441 | D:10     | Killed an unseen horror
  9441 | D:10     | Reached skill level 5 in Dodging
  9441 | D:10     | Reached skill level 1 in Invocations
  9488 | D:10     | Noticed a two-headed ogre
  9689 | D:10     | Killed a two-headed ogre
  9689 | D:10     | Reached skill level 10 in Shields
  9712 | D:10     | Killed an unseen horror
  9712 | D:10     | Reached **** piety under Okawaru
  9971 | D:10     | Found a staircase to the Lair.
  9989 | D:10     | Noticed Nergalle
  9998 | D:10     | Killed Nergalle
  9998 | D:10     | Reached skill level 10 in Fighting
  9998 | D:10     | Reached skill level 13 in Axes
  9998 | D:10     | Reached skill level 10 in Armour
 10001 | D:10     | Found a staircase to the Orcish Mines.
 10080 | D:10     | Killed an unseen horror
 10216 | D:10     | Reached ***** piety under Okawaru
 10488 | D:11     | Cast into level 1 of the Abyss (Psyche)
 10588 | Abyss:1  | Noticed a thrashing horror
 10611 | Abyss:1  | Killed a thrashing horror
 10637 | Abyss:1  | Noticed a spatial maelstrom
 10644 | Abyss:1  | Mangled by a spatial maelstrom

Vault maps used:
D:1:      elethiomel_arrival_quiet
D:2:      chequers_ecumenical_altar_lobes
D:4:      kennysheep_little_box, gup_sewer_entry_spiral, first_ration,
          uniq_duvessa
D:5:      uniq_crazy_yiuf_cottage, uniq_edmund
D:6:      ebering_ghost_rock_garden, grunt_ministairs_14,
          grunt_decor_mini_mirrors, minmay_fire_ice_demons, uniq_pikel,
          uniq_blork_the_orc
D:7:      grunt_temple_overflow_open, nicolae_overflow_hidden_temple,
          temple_green, makhleb_blood_cavern_becter, uniq_menkaure, uniq_harold
D:8:      uniq_joseph, uniq_erica, uniq_psyche
D:10:     lair_entry_dummy, orc_0_dummy, grunt_livestock, uniq_nergalle
D:11:     minmay_the_grid_plus_closed, basic_altar
Temple:   dshaligram_water_room_temple

Skill      XL: |  1  2  3  4  5  6  7  8  9 10 11 |
---------------+----------------------------------+-----
Shields        | 4 5 6 7 8 9 10 | 10.0
Fighting       | 4 5 6 7 8 9 10 | 10.4
Armour         | 4 5 6 7 8 9 10 | 10.3
Axes           | 3 4 5 6 7 9 10 12 13 | 13.4
Dodging        | 2 4 6 |  6.2
Invocations    | 3 |  3.2

Action                   |  1- 3 |  4- 6 |  7- 9 | 10-12 || total
-------------------------+-------+-------+-------+-------++-------
Melee: War axe           |    97 |   115 |   262 |   218 ||   692
       Headbutt          |    16 |    24 |    50 |    52 ||   142
       Battleaxe         |       |       |       |    82 ||    82
Invok: Heroism           |       |       |       |     4 ||     4
  Use: Scroll            |       |       |     9 |     4 ||    13
       Potion            |       |       |     2 |     2 ||     4
  Eat: Chunk             |     2 |     6 |    13 |     9 ||    30
       Ration            |       |       |       |     1 ||     1
Armor: Scale mail        |    55 |    59 |   112 |       ||   226
       Plate armour      |       |       |    35 |   219 ||   254
Dodge: Dodged            |    51 |    53 |   104 |    99 ||   307
Block: Shield            |     1 |       |       |   166 ||   167

Table legend:
 A = Non-vault XP
 B = Vault XP
 C = Vault XP percentage of total XP
 D = Non-vault monster count
 E = Vault monster count
 F = Vault count percentage of total count
                 A         B        C        D         E       F
            +---------+---------+-------+---------+---------+-------
      Total |   13187 |    6459 |  32.9 |     235 |      30 |  11.3
            +---------+---------+-------+---------+---------+-------
        D:1 |      35 |       0 |   0.0 |      20 |       0 |   0.0
        D:2 |      93 |       0 |   0.0 |      32 |       0 |   0.0
        D:3 |      37 |       0 |   0.0 |      19 |       0 |   0.0
        D:4 |     815 |     280 |  25.6 |      23 |       9 |  28.1
        D:5 |     657 |     215 |  24.7 |      22 |       2 |   8.3
        D:6 |     711 |    1533 |  68.3 |      11 |       7 |  38.9
        D:7 |     498 |    1285 |  72.1 |      14 |       4 |  22.2
        D:8 |    1142 |    1341 |  54.0 |      21 |       2 |   8.7
        D:9 |    2875 |       0 |   0.0 |      38 |       0 |   0.0
       D:10 |    4884 |    1805 |  27.0 |      31 |       6 |  16.2
       D:11 |     168 |       0 |   0.0 |       2 |       0 |   0.0
    Abyss:1 |    1272 |       0 |   0.0 |       2 |       0 |   0.0
            +---------+---------+-------+---------+---------+-------
